SL
NEW ORLEANS VOODOO @ MISSISSIPPI MOCKINGBIRDS
09/16/2043
 
TOP OF THE 1ST
New Orleans Voodoo batting - Pitching for Mississippi Mockingbirds : RHP Boris Milatovic
Pitching: RHP Boris Milatovic
Batting: RHB Anthony Roosemont 0-0: Hit by Pitch
Batting: SHB Edward Sterrenburg 0-0: Ball
1-0: Called Strike
1-1: Ball
2-1: SINGLE (Groundball, 56, EV 95.0 MPH)
Anthony Roosemont to second
Batting: LHB Jonathan Gunner 0-0: Foul Ball, location: 2F
0-1: Ball
1-1: Foul Ball, location: 2F
1-2: Ball
2-2: Fly out, F9 (Line Drive, 89M, EV 86.2 MPH)
Batting: RHB Júlio Sahagún 0-0: SINGLE (Groundball, 6MD, EV 98.8 MPH)
Anthony Roosemont to third
Edward Sterrenburg to second
Runner from 3rd tries for Home, SAFE, no throw by CF
Batting: LHB Bill Butler 0-0: Called Strike
0-1: Foul Ball, location: 2F
0-2: Foul Ball, location: 2F
0-2: Ball
1-2: Ball
2-2: Foul Ball, location: 2F
2-2: Ball
3-2: Foul Ball, location: 2F
3-2: Foul Ball, location: 2F
3-2: Grounds into double play, 3-6-1 (Groundball, 34, EV 104.4 MPH)
Top of the 1st over - 1 run, 2 hits, 0 errors, 1 left on base; New Orleans 1 - Mississippi 0
BOTTOM OF THE 1ST
Mississippi Mockingbirds batting - Pitching for New Orleans Voodoo : RHP Mike Donovan
Pitching: RHP Mike Donovan
Batting: LHB Rylen Roersma 0-0: Ball
1-0: Foul Ball, location: 2F
1-1: Foul Ball, location: 2F
1-2: Foul Ball, location: 2F
1-2: Foul Ball, location: 2F
1-2: Foul Ball, location: 2F
1-2: Strikes out looking
Batting: RHB Ricardo Ojíto 0-0: Ball
1-0: Ball
2-0: Foul Ball, location: 2F
2-1: SINGLE (Groundball, 4D, EV 101.2 MPH)
Batting: RHB Daniel McCoy 0-0: Called Strike
0-1: Called Strike
0-2: Ball
1-2: Grounds into double play, 5-4-3 (Groundball, 5, EV 105.0 MPH)
Bottom of the 1st over - 0 runs, 1 hit, 0 errors, 0 left on base; New Orleans 1 - Mississippi 0
TOP OF THE 2ND
New Orleans Voodoo batting - Pitching for Mississippi Mockingbirds : RHP Boris Milatovic
Batting: SHB Vicente Romero 0-0: Ball
1-0: Foul Ball, location: 2F
1-1: Ball
2-1: Ground out 4-3 (Groundball, 4, EV 83.8 MPH)
Batting: LHB Jung-joon Yi 0-0: Ball
1-0: Foul Ball, location: 2F
1-1: Called Strike
1-2: Ball
2-2: DOUBLE (Line Drive, 89M, EV 105.0 MPH)
Batting: RHB Colin O'Connell 0-0: Ball
1-0: Ball
2-0: Foul Ball, location: 2F
2-1: Foul Ball, location: 2F
2-2: SINGLE (Groundball, 4MD, EV 100.6 MPH)
Jung-joon Yi to third
Runner from 3rd tries for Home, SAFE, throw by CF to home
Batting: SHB David Knight 0-0: Called Strike
0-1: Foul Ball, location: 2F
0-2: Ball
1-2: Strikes out looking
Batting: RHB Anthony Roosemont 0-0: Ball
1-0: Swinging Strike
1-1: Swinging Strike
1-2: Ball
2-2: Foul Ball, location: 2F
2-2: DOUBLE (Line Drive, 3D, EV 107.5 MPH)
Colin O'Connell to third
Runner from 3rd tries for Home, SAFE, throw by RF to trailing runner, OUT at third! 9-4-5
Top of the 2nd over - 2 runs, 3 hits, 0 errors, 0 left on base; New Orleans 3 - Mississippi 0
BOTTOM OF THE 2ND
Mississippi Mockingbirds batting - Pitching for New Orleans Voodoo : RHP Mike Donovan
Batting: SHB Je-myung Yu 0-0: Called Strike
0-1: Ball
1-1: Foul Ball, location: 2F
1-2: Foul Ball, location: 2F
1-2: Fly out, F7 (Line Drive, 7, EV 109.4 MPH)
Batting: RHB Yong-hong Ren 0-0: Ball
1-0: Swinging Strike
1-1: Fly out, F6 (Popup, P, EV 81.9 MPH)
Batting: RHB Doug Allerdale 0-0: Called Strike
0-1: Ball
1-1: Called Strike
1-2: Strikes out swinging
Bottom of the 2nd over - 0 runs, 0 hits, 0 errors, 0 left on base; New Orleans 3 - Mississippi 0
TOP OF THE 3RD
New Orleans Voodoo batting - Pitching for Mississippi Mockingbirds : RHP Boris Milatovic
Batting: SHB Edward Sterrenburg 0-0: Foul Ball, location: 2F
0-1: Ball
1-1: Foul Ball, location: 2F
1-2: Fly out, F2 (Popup, 5SF, EV 77.5 MPH)
Batting: LHB Jonathan Gunner 0-0: Ball
1-0: Called Strike
1-1: Ball
2-1: Ball
3-1: Base on Balls
Batting: RHB Júlio Sahagún 0-0: Foul Ball, location: 2F
0-1: Called Strike
0-2: Foul Ball, location: 2F
0-2: Foul Ball, location: 2F
0-2: Ball
1-2: Foul Ball, location: 2F
1-2: Strikes out swinging
Batting: LHB Bill Butler 0-0: Called Strike
0-1: Called Strike
0-2: Ball
Jonathan Gunner steals 2nd base
1-2: Single, Error in OF, E8, batter to second base (Groundball, 6MD, EV 108.1 MPH)
Jonathan Gunner scores
Batting: SHB Vicente Romero 0-0: Foul Ball, location: 2F
0-1: Called Strike
0-2: Ball
1-2: Foul Ball, location: 2F
1-2: Foul Ball, location: 2F
1-2: Ball
2-2: SINGLE (Flyball, 7LS, EV 92.5 MPH)
Bill Butler to third
Batting: LHB Jung-joon Yi 0-0: Called Strike
0-1: Called Strike
0-2: Ball
1-2: Ball
2-2: SINGLE (Groundball, 56D, EV 96.2 MPH)
Bill Butler scores
Vicente Romero to second
Pitching: LHP Dan Stokes
Batting: RHB Colin O'Connell 0-0: Foul Ball, location: 2F
0-1: Ball
1-1: DOUBLE (Groundball, 5L, EV 103.1 MPH)
Vicente Romero scores
Jung-joon Yi to third
Batting: SHB David Knight 0-0: Ball
1-0: Ball
2-0: Ball
3-0: Called Strike
3-1: Fly out, F8 (Flyball, 8LD, EV 92.5 MPH)
Top of the 3rd over - 3 runs, 4 hits, 1 error, 2 left on base; New Orleans 6 - Mississippi 0
BOTTOM OF THE 3RD
Mississippi Mockingbirds batting - Pitching for New Orleans Voodoo : RHP Mike Donovan
Batting: RHB Benigno Bachelay 0-0: Ball
1-0: Ball
2-0: SINGLE (Line Drive, 8RS, EV 107.5 MPH)
Batting: LHB Jesús Lazcano 0-0: Ball
1-0: Ball
2-0: Foul Ball, location: 2F
2-1: Foul Ball, location: 2F
2-2: Fly out, F4 (Popup, 4S, EV 76.9 MPH)
Batting: RHB Habib Othman 0-0: Ball
1-0: Called Strike
1-1: Foul Ball, location: 2F
1-2: Strikes out swinging
Batting: LHB Rylen Roersma 0-0: Ball
1-0: Foul Ball, location: 2F
1-1: Fly out, F8 (Flyball, 8LS, EV 90.6 MPH)
Bottom of the 3rd over - 0 runs, 1 hit, 0 errors, 1 left on base; New Orleans 6 - Mississippi 0
TOP OF THE 4TH
New Orleans Voodoo batting - Pitching for Mississippi Mockingbirds : LHP Dan Stokes
Batting: RHB Anthony Roosemont 0-0: Ball
1-0: Foul Ball, location: 2F
1-1: DOUBLE (Flyball, 8LXD, EV 93.1 MPH)
Batting: SHB Edward Sterrenburg 0-0: Called Strike
0-1: Called Strike
0-2: Ball
1-2: Ball
2-2: Ball
3-2: Ground out 4-3 (Groundball, 34, EV 81.9 MPH)
Anthony Roosemont to third
Batting: LHB Jonathan Gunner 0-0: Ground out 1-3 (Groundball, 13S, EV 71.2 MPH)
Batting: RHB Júlio Sahagún 0-0: Ball
1-0: Ball
2-0: Called Strike
2-1: Ball
3-1: DOUBLE (Line Drive, 7LD, EV 102.5 MPH)
Anthony Roosemont scores
Batting: LHB Bill Butler 0-0: Called Strike
0-1: Ground out 6-3 (Groundball, 6S, EV 85.0 MPH)
Top of the 4th over - 1 run, 2 hits, 0 errors, 1 left on base; New Orleans 7 - Mississippi 0
BOTTOM OF THE 4TH
Mississippi Mockingbirds batting - Pitching for New Orleans Voodoo : RHP Mike Donovan
Batting: RHB Ricardo Ojíto 0-0: Called Strike
0-1: Foul Ball, location: 2F
0-2: Ball
1-2: DOUBLE (Line Drive, 8LXD, EV 105.0 MPH)
Batting: RHB Daniel McCoy 0-0: DOUBLE (Line Drive, 9LS, EV 90.6 MPH)
Ricardo Ojíto scores
Batting: SHB Je-myung Yu 0-0: Ball
1-0: Foul Ball, location: 2F
1-1: DOUBLE (Flyball, 78XD, EV 98.8 MPH)
Daniel McCoy scores
Batting: RHB Yong-hong Ren 0-0: Foul Ball, location: 2F
0-1: Called Strike
0-2: Ball
1-2: Ground out 6-3 (Groundball, 6, EV 83.1 MPH)
Batting: RHB Doug Allerdale 0-0: Ball
1-0: Ball
2-0: Ball
3-0: Ground out 6-3 (Groundball, 6, EV 98.1 MPH)
Batting: RHB Benigno Bachelay 0-0: Called Strike
0-1: Ball
1-1: SINGLE (Flyball, 4D, EV 88.1 MPH)
Je-myung Yu to third
Runner from 3rd tries for Home, SAFE, throw by CF to home
Batting: LHB Jesús Lazcano 0-0: Foul Ball, location: 2F
0-1: Ball
1-1: Ball
2-1: Foul Ball, location: 2F
2-2: SINGLE (Groundball, 34, EV 98.8 MPH) (infield hit)
Benigno Bachelay to second
Batting: RHB Habib Othman 0-0: Ball
1-0: Called Strike
1-1: Swinging Strike
1-2: Foul Ball, location: 2F
1-2: Foul Ball, location: 2F
1-2: Ball
2-2: Foul Ball, location: 2F
2-2: Ball
3-2: SINGLE (Groundball, 34D, EV 94.4 MPH)
Benigno Bachelay to third
Jesús Lazcano to second
Benigno Bachelay scores
Jesús Lazcano to third
Batting: LHB Rylen Roersma 0-0: Called Strike
0-1: Foul Ball, location: 2F
0-2: Ball
1-2: Fly out, F8 (Flyball, 8LS, EV 90.6 MPH)
Bottom of the 4th over - 4 runs, 6 hits, 0 errors, 2 left on base; New Orleans 7 - Mississippi 4
TOP OF THE 5TH
New Orleans Voodoo batting - Pitching for Mississippi Mockingbirds : LHP Dan Stokes
Batting: SHB Vicente Romero 0-0: Ball
1-0: Ground out 6-3 (Groundball, 6, EV 83.1 MPH)
Batting: LHB Jung-joon Yi 0-0: Foul Ball, location: 2F
0-1: Called Strike
0-2: Ball
1-2: Strikes out swinging
Batting: RHB Colin O'Connell 0-0: SOLO HOME RUN (Flyball, 7D, EV 91.9 MPH), Distance : 354 ft
Batting: SHB David Knight 0-0: Called Strike
0-1: Called Strike
0-2: Ground out 4-3 (Groundball, 34, EV 106.9 MPH)
Top of the 5th over - 1 run, 1 hit, 0 errors, 0 left on base; New Orleans 8 - Mississippi 4
BOTTOM OF THE 5TH
Mississippi Mockingbirds batting - Pitching for New Orleans Voodoo : RHP Mike Donovan
Batting: RHB Ricardo Ojíto 0-0: Called Strike
0-1: Ball
1-1: Foul Ball, location: 2F
1-2: Ball
2-2: Ball
3-2: SINGLE (Groundball, 6MD, EV 100.6 MPH)
Batting: RHB Daniel McCoy 0-0: Swinging Strike
0-1: Ball
1-1: Ball
2-1: Ball
3-1: Foul Ball, location: 2F
3-2: SINGLE (Groundball, 56D, EV 102.5 MPH)
Ricardo Ojíto to second
Ricardo Ojíto to third
Batting: SHB Je-myung Yu 0-0: Foul Ball, location: 2F
0-1: Foul Ball, location: 2F
0-2: Foul Ball, location: 2F
0-2: SINGLE (Line Drive, 56D, EV 99.4 MPH)
Ricardo Ojíto scores
Daniel McCoy to second
Pitching: RHP Glenn Underwood
Batting: RHB Yong-hong Ren 0-0: Ball
1-0: Foul Ball, location: 2F
1-1: Grounds into double play, 4-6-3 (Groundball, 4, EV 98.8 MPH)
Daniel McCoy to third
Batting: RHB Doug Allerdale 0-0: Swinging Strike
0-1: Ball
1-1: Foul Ball, location: 2F
1-2: Hit by Pitch
Batting: RHB Benigno Bachelay 0-0: SINGLE (Flyball, 89M, EV 95.6 MPH)
Daniel McCoy scores
Doug Allerdale to second
Runner from 2nd tries for 3rd, SAFE, no throw by CF
Batting: LHB Jesús Lazcano 0-0: Called Strike
0-1: Fly out, F8 (Flyball, 8RD, EV 101.9 MPH)
Bottom of the 5th over - 2 runs, 4 hits, 0 errors, 2 left on base; New Orleans 8 - Mississippi 6
TOP OF THE 6TH
New Orleans Voodoo batting - Pitching for Mississippi Mockingbirds : LHP Dan Stokes
Batting: RHB Anthony Roosemont 0-0: SINGLE (Line Drive, 9S, EV 91.2 MPH)
Batting: SHB Edward Sterrenburg 0-0: SINGLE (Flyball, 9S, EV 96.9 MPH)
Anthony Roosemont to second
Batting: LHB Jonathan Gunner 0-0: Swinging Strike
0-1: Swinging Strike
0-2: Ball
1-2: Strikes out swinging
Batting: RHB Júlio Sahagún 0-0: SINGLE (Line Drive, 56D, EV 97.5 MPH)
Anthony Roosemont to third
Edward Sterrenburg to second
Runner from 3rd tries for Home, SAFE, throw by LF to home
Pitching: RHP Clinton Repetto
Batting: LHB Bill Butler 0-0: Ball
1-0: Grounds into double play, 4-6-3 (Groundball, 34, EV 105.6 MPH)
Top of the 6th over - 1 run, 3 hits, 0 errors, 1 left on base; New Orleans 9 - Mississippi 6
BOTTOM OF THE 6TH
Mississippi Mockingbirds batting - Pitching for New Orleans Voodoo : RHP Glenn Underwood
Batting: RHB Habib Othman 0-0: SINGLE (Line Drive, 7S, EV 103.8 MPH)
Batting: LHB Rylen Roersma 0-0: Called Strike
0-1: Ball
1-1: Ball
2-1: Swinging Strike
2-2: Strikes out swinging
Batting: RHB Ricardo Ojíto 0-0: Ball
1-0: Foul Ball, location: 2F
1-1: Ball
2-1: Called Strike
Habib Othman steals 2nd base (no throw)
2-2: Foul Ball, location: 2F
2-2: Fly out, F8 (Flyball, 8RXD, EV 83.8 MPH)
Runner from 2nd tags up, SAFE at 3rd, no throw by CF
Batting: RHB Daniel McCoy 0-0: Called Strike
0-1: Ball
1-1: Ball
2-1: Ball
3-1: Called Strike
3-2: Foul Ball, location: 2F
3-2: 2-RUN HOME RUN (Flyball, 7LD, EV 100.6 MPH), Distance : 330 ft
Batting: SHB Je-myung Yu 0-0: Called Strike
0-1: Ball
1-1: Called Strike
1-2: Ball
2-2: Ball
3-2: Foul Ball, location: 2F
3-2: Base on Balls
Batting: RHB Yong-hong Ren Pickoff Throw to First - Out! 1-3
Bottom of the 6th over - 2 runs, 2 hits, 0 errors, 0 left on base; New Orleans 9 - Mississippi 8
TOP OF THE 7TH
New Orleans Voodoo batting - Pitching for Mississippi Mockingbirds : RHP Clinton Repetto
Batting: SHB Vicente Romero 0-0: Ball
1-0: Ball
2-0: Foul Ball, location: 2F
2-1: Called Strike
2-2: Ball
3-2: Base on Balls
Batting: LHB Jung-joon Yi 0-0: Ball
1-0: Sac Bunt to 25 - play at first, batter OUT! 1-3
Vicente Romero to second
Batting: RHB Colin O'Connell 0-0: Ball
1-0: Called Strike
1-1: Fly out, F7 (Flyball, 78M, EV 75.6 MPH)
Batting: SHB David Knight 0-0: Ball
Vicente Romero steals 3rd base
1-0: Ball
2-0: Swinging Strike
2-1: Foul Ball, location: 2F
2-2: Strikes out looking
Top of the 7th over - 0 runs, 0 hits, 0 errors, 1 left on base; New Orleans 9 - Mississippi 8
BOTTOM OF THE 7TH
Mississippi Mockingbirds batting - Pitching for New Orleans Voodoo : RHP Glenn Underwood
Batting: RHB Yong-hong Ren 0-0: Called Strike
0-1: Swinging Strike
0-2: Ball
1-2: Fly out, F7 (Line Drive, 7, EV 88.8 MPH)
Batting: RHB Doug Allerdale 0-0: Ball
1-0: Swinging Strike
1-1: Swinging Strike
1-2: Strikes out swinging
Batting: RHB Benigno Bachelay 0-0: Ball
1-0: Called Strike
1-1: SINGLE (Groundball, 4MD, EV 100.6 MPH)
Batting: LHB Jesús Lazcano 0-0: Called Strike
Benigno Bachelay steals 2nd base
0-1: Fly out, F9 (Line Drive, 9, EV 94.4 MPH)
Bottom of the 7th over - 0 runs, 1 hit, 0 errors, 1 left on base; New Orleans 9 - Mississippi 8
TOP OF THE 8TH
New Orleans Voodoo batting - Pitching for Mississippi Mockingbirds : RHP Clinton Repetto
Batting: RHB Anthony Roosemont 0-0: Ball
1-0: Foul Ball, location: 2F
1-1: Swinging Strike
1-2: Foul Ball, location: 2F
1-2: Strikes out looking
Batting: SHB Edward Sterrenburg 0-0: Swinging Strike
0-1: Ball
1-1: Ball
2-1: Foul Ball, location: 2F
2-2: Strikes out swinging
Batting: LHB Jonathan Gunner 0-0: Ball
1-0: Foul Ball, location: 2F
1-1: DOUBLE (Line Drive, 9LS, EV 96.2 MPH)
Batting: RHB Júlio Sahagún 0-0: Ball
1-0: Called Strike
1-1: Foul Ball, location: 2F
1-2: Fly out, F8 (Flyball, 8LS, EV 96.9 MPH)
Top of the 8th over - 0 runs, 1 hit, 0 errors, 1 left on base; New Orleans 9 - Mississippi 8
BOTTOM OF THE 8TH
Mississippi Mockingbirds batting - Pitching for New Orleans Voodoo : RHP Glenn Underwood
Batting: RHB Habib Othman 0-0: Called Strike
0-1: Ball
1-1: Ball
2-1: Foul Ball, location: 2F
2-2: SINGLE (Line Drive, 7LS, EV 92.5 MPH)
Pitching: RHP Ramón Aragón
Batting: LHB Rylen Roersma 0-0: Ball
1-0: Grounds into double play, 4-6-3 (Groundball, 4, EV 88.1 MPH)
Batting: RHB Ricardo Ojíto 0-0: Ball
1-0: Ball
2-0: Foul Ball, location: 2F
2-1: SINGLE (Line Drive, 8RD, EV 111.2 MPH)
Batting: RHB Daniel McCoy 0-0: Called Strike
0-1: Ball
1-1: Ball
2-1: Called Strike
2-2: Foul Ball, location: 2F
2-2: Ball
3-2: Foul Ball, location: 2F
3-2: SINGLE (Flyball, 89M, EV 95.0 MPH)
Ricardo Ojíto to second
Ricardo Ojíto to third
Batting: SHB Je-myung Yu 0-0: Called Strike
0-1: Called Strike
0-2: Foul Ball, location: 2F
0-2: Ball
1-2: Ball
2-2: Foul Ball, location: 2F
2-2: Foul Ball, location: 2F
2-2: Foul Ball, location: 2F
2-2: Ball
3-2: Foul Ball, location: 2F
3-2: Fly out, F9 (Flyball, 89M, EV 93.8 MPH)
Bottom of the 8th over - 0 runs, 3 hits, 0 errors, 2 left on base; New Orleans 9 - Mississippi 8
TOP OF THE 9TH
New Orleans Voodoo batting - Pitching for Mississippi Mockingbirds : RHP Clinton Repetto
Batting: LHB Bill Butler 0-0: Ball
1-0: Swinging Strike
1-1: Ball
2-1: Ball
3-1: Base on Balls
Pitching: RHP Jeff Mahl
Batting: SHB Vicente Romero 0-0: Sac Bunt to 15S - play at first, batter OUT! 1-3
Bill Butler to second
Batting: LHB Jung-joon Yi 0-0: Intentional Walk
Batting: RHB Colin O'Connell 0-0: Called Strike
0-1: Swinging Strike
0-2: Ball
Wild Pitch!
Bill Butler to third
Jung-joon Yi to second
1-2: Fly out, F7 (Flyball, 7S, EV 91.9 MPH)
Batting: SHB David Knight 0-0: Fly out, F7 (Flyball, 78S, EV 91.9 MPH)
Top of the 9th over - 0 runs, 0 hits, 0 errors, 2 left on base; New Orleans 9 - Mississippi 8
BOTTOM OF THE 9TH
Mississippi Mockingbirds batting - Pitching for New Orleans Voodoo : RHP Ramón Aragón
Now at 3B: Luis García
Now in LF: Reggie Gommers
Pinch Hitting: LHB Seb Blanch 0-0: Ball
1-0: Ball
2-0: Ball
3-0: Foul Ball, location: 2F
3-1: Foul Ball, location: 2F
3-2: Ground out 6-3 (Groundball, 6, EV 108.1 MPH)
Batting: RHB Doug Allerdale 0-0: Called Strike
0-1: Ball
1-1: Fly out, F9 (Flyball, 9S, EV 70.6 MPH)
Batting: RHB Benigno Bachelay 0-0: Ball
1-0: Foul Ball, location: 2F
1-1: Ball
2-1: Ball
3-1: Base on Balls
Batting: LHB Jesús Lazcano 0-0: Ball
1-0: Called Strike
1-1: Ball
2-1: Fielders Choice at 2nd, 6-4 (Groundball, 6, EV 86.9 MPH)
Bottom of the 9th over - 0 runs, 0 hits, 0 errors, 1 left on base; New Orleans 9 - Mississippi 8
Thursday, June 17th, 2021 - OOTP Baseball 20.8 Build 74